 Dungeon Crawl Stone Soup version 0.31.0-9-g3a7656b989 (webtiles) character file.

Game seed: 6880831557343426820

69240 qw the Marksspriggan (level 14, 0/73 HPs)
             Began as a Spriggan Hunter on Feb 2, 2024.
             Was an Elder of Okawaru.
             Slain by a death drake (6 damage)
             ... in a Gauntlet.
             The game lasted 00:02:21 (15523 turns).

qw the Marksspriggan (Spriggan Hunter)             Turns: 15523, Time: 00:02:21

Health: 0/73       AC: 11    Str:  7    XL:     14   Next: 52%
Magic:  18/22      EV: 26    Int: 10    God:    Okawaru [****..]
Gold:   1106       SH:  0    Dex: 24    Spells: 13/13 levels left

rFire   + . .        v - +3 hand cannon (freeze)
rCold   + . .        (no shield)
rNeg    . . .        p - +4 swamp dragon scales
rPois   +            (helmet restricted)
rElec   .            u - scarf of the Slug {rC+ rF+, ^Contam +Blink Regen+}
rCorr   .            (gloves unavailable)
SInv    +            (boots unavailable)
Will    ++++.        h - amulet of regeneration
Stlth   ++           i - ring of willpower
HPRegen 1.92/turn    s - ring of willpower
MPRegen 0.18/turn

%: no teleportation
@: lethally poisoned (0 -> -14), finesse-ful, slowed, quick
A: very small, no large weapons, unfitting armour, see invisible, speed 3
a: Renounce Religion, Evoke Blink, Heroism, Finesse


You were in a Gauntlet.
You worshipped Okawaru.
Okawaru was greatly pleased with you.
You visited 3 branches of the dungeon, and saw 18 of its levels.
You also visited: Gauntlet.

You collected 1526 gold pieces.
You spent 420 gold pieces at shops.


Innate Abilities, Weirdness & Mutations

You are very small and have problems with some larger weapons.
You are too small for most types of armour.
You have supernaturally acute eyesight. (SInv)
You cover ground extremely quickly. (Speed+++)


   Skills:
 - Level 8.0 Fighting
 + Level 18.7 Ranged Weapons
 - Level 3.0 Armour
 - Level 15.0 Dodging
 - Level 1.5 Stealth
 - Level 10.0 Invocations


You had 13 spell levels left.
You didn't know any spells.
Your spell library was empty.

Inventory:

Hand Weapons
 v - a +3 hand cannon of freezing (weapon)
Armour
 p - +4 swamp dragon scales (worn)
 u - the scarf of the Slug (worn) {rC+ rF+, ^Contam +Blink Regen+}
   (Okawaru gifted it to you on level 4 of the Lair of Beasts)

   +Blink:    It lets you blink.
   ^Contam:   It causes magical contamination when unequipped.
   Regen+:    It increases your rate of health regeneration.
Jewellery
 h - an amulet of regeneration (around neck)
 i - a ring of willpower (left hand)
 m - a ring of fire
 s - a ring of willpower (right hand)
 Y - a ring of positive energy
Wands
 a - a wand of mindburst (19)
 b - a wand of paralysis (16)
 c - a wand of iceblast (7)
 e - a wand of acid (17)
 l - a wand of polymorph (13)
Scrolls
 k - 5 scrolls of identify
 r - a scroll of teleportation
Potions
 d - 15 potions of curing
 f - a potion of mutation
 g - 2 potions of cancellation
 j - a potion of haste
 n - a potion of magic
 q - 3 potions of enlightenment
 t - a potion of resistance

Dungeon Overview and Level Annotations

Branches:
Dungeon (12/15)            Temple (1/1) D:4            Lair (5/5) D:11
 Shoals (0/4) Lair:3        Snake (0/4) Lair:3        Slime (0/5) Lair:5
    Orc (0/2) D:11        Gauntlet (1/1)

Altars:
Ashenzari
Cheibriados
Dithmenos
Elyvilon
Fedhas
Gozag
Hepliaklqana
Kikubaaqudgha
Makhleb
Nemelex Xobeh
Okawaru
Qazlal
Ru
Sif Muna
Trog
Uskayaw
Vehumet
Wu Jian
Xom
Yredelemnul
Zin
The Shining One
Jiyva

Shops:
D:8 *   D:9 *(   D:11 :(

Portals:
Abyss: D:5

Annotations:
D:5 2 transporters, qw's ghost, novice GrHu
Lair:4 2 transporters, qw's ghost, journeyman DjHu Gauntlet 11 transporters, 1 runed translucent door


Message History

You are engulfed in dark miasma.
You feel very sick. The spectral hornet misses you.
The centaur warrior zombie misses you.
The centaur warrior zombie kicks you but does no damage.
The death drake bites you.
The spectral hornet completely misses you.
15520 ||| Stepping ~*~*~tactically~*~*~ (cloud).
You feel very sick.
The death drake attacks as it pursues you!
The death drake completely misses you.
The spectral hornet completely misses you.
There is a transporter landing site here.
You shoot a bolt. The bolt hits the death drake!
The bolt freezes the death drake.
The death drake is lightly wounded.
You feel very sick. The death drake breathes miasma at you.
The foul vapour engulfs you.
You are more poisoned.
The spectral hornet completely misses you.
The death drake bites you but does no damage.
15522 ||| DRINKING potion of heal wounds.
You feel much better.
You are engulfed in dark miasma.
You are more poisoned.
You feel extremely sick.
The spectral hornet barely misses you. x2
The death scarab waves its antennae.
The death drake bites you but does no damage.
The spectral hornet hits you but does no damage.
You shoot a bolt. The bolt misses the death drake.
The death scarab's many legs skitter faintly.
The bolt hits the centaur warrior zombie!!
The bolt freezes the centaur warrior zombie.
The centaur warrior zombie is moderately damaged.
You feel extremely sick.
The death scarab waves its antennae.
The death drake completely misses you. The spectral hornet misses you.
The death drake bites you.
You die...

#....#########..Z#.#...##
..##.###...#.BB##Z.#...~#
####...#...#########...##
########...............~#
.........8.....8.....8.##
..8.....................##
..........###########...~#
#######...##.#.#0#00#...##
+...#^#...#....#@Z#.#.\.¤#
###.#.#####!##.#k#0##...##
..#...#...#..#.#Z0.0#.¤.~#
#.#####^.^#^.##.#0###^8.##
#.....#...#=###..#.##...~#
#####y######).#..##.#...##
![..yy#...#.#..#.Z#.#.\.~#
#######...##.###.#.##...##
..........###########...¤#


You could see a death drake, a spectral death yak, a spectral hornet, 2 death
scarabs and a centaur warrior zombie.

Vanquished Creatures
  Gastronok (Lair:2)
  A fire dragon (Lair:5)
  Harold (Lair:2)
  3 hydras
  An anaconda (Lair:5)
  5 boulder beetles
  A centaur warrior (D:9)
  3 death yaks
  3 two-headed ogres (D:9)
  A hell hog (Lair:5)
  A skyshark (Lair:3)
  An arcanist (D:12)
  A swamp dragon (Lair:5)
  A deep elf pyromancer (D:9)
  Pikel (D:4)
  An ugly thing (D:9)
  3 oklob plants (Lair:5)
  A manticore (D:9)
  A cyclops (D:9)
  A salamander (shapeshifter) (D:9)
  5 black mambas
  10 elephants
  6 cane toads
  4 torpor snails
  3 gargoyles
  5 rime drakes
  8 komodo dragons
  Maggie (D:6)
  A merfolk (Lair:3)
  5 trolls
  9 polar bears (Lair:5)
  Grinder (D:3)
  A raiju (Lair:5)
  13 blink frogs
  5 slime creatures (D:12)
  A shadow (D:12)
  A vampire (D:12)
  5 wyverns
  7 basilisks
  55 yaks
  A wraith (D:12)
  5 wargs
  Eustachio (D:6)
  Edmund (D:4)
  4 steam dragons
  5 acid dragons
  16 hell hounds (Lair:5)
  7 nagas (Lair:3)
  A swamp drake (Lair:5)
  2 orc warriors
  A sky beast (D:7)
  10 water moccasins
  12 black bears
  2 ice beasts
  26 wolves
  An ogre (D:7)
  7 centaurs
  A lemure (D:4)
  4 kobold brigands
  A gnoll sergeant (D:9)
  10 bullfrogs
  3 scorpions
  6 wights
  2 killer bees (D:9)
  2 electric eels (Lair:3)
  5 howler monkeys
  2 bombardier beetles
  4 orc priests
  A jelly (D:6)
  A gnoll bouda (D:5)
  4 hounds
  Terence (D:3)
  12 iguanas
  6 orc wizards
  Robin (D:3)
  8 gnolls
  7 adders
  A shadow imp (D:7)
  2 white imps
  A ribbon worm (D:3)
  3 dart slugs
  23 orcs
  14 ball pythons
  8 bats
  11 endoplasms
  A giant cockroach (D:3)
  15 goblins
  7 hobgoblins
  10 jackals
  18 kobolds
  2 quokkas
  3 training dummies (D:11)
  4 frilled lizards
  4 rats
488 creatures vanquished.

Notes
Turn   | Place    | Note
-------+----------+-------------------------------------------
     0 | D:1      | qw the Spriggan Hunter began the quest for the Orb.
     0 | D:1      | Reached XP level 1. HP: 10/10 MP: 2/2
     0 | D:1      | 0 ||| qw: Version: 0.3-a-155-g5e7d8dd
     0 | D:1      | 0 ||| qw: Game counter: 522
     0 | D:1      | 0 ||| qw: Melee chars always use a shield: true
     0 | D:1      | 0 ||| qw: God list: Okawaru
     0 | D:1      | 0 ||| qw: Allow faded altars: false
     0 | D:1      | 0 ||| qw: Do Orc after clearing Dungeon:15 true
     0 | D:1      | 0 ||| qw: Do second Lair branch before Depths: true
     0 | D:1      | 0 ||| qw: Lair rune preference: random
     0 | D:1      | 0 ||| qw: Goals: Normal
     0 | D:1      | 0 ||| PLANNING D:1-11
    20 | D:1      | Reached skill level 3 in Dodging
   152 | D:1      | Reached XP level 2. HP: 14/14 MP: 3/3
   532 | D:1      | Found a faded altar of an unknown god.
   547 | D:1      | Reached XP level 3. HP: 18/18 MP: 4/4
   801 | D:1      | 801 ||| READING scroll labelled OZUIVURUGHA.
   902 | D:1      | 902 ||| READING scroll labelled JAZOUVORGHO.
   902 | D:1      | 902 ||| BRANDING +0 shortbow.
   903 | D:1      | 903 ||| READING scroll labelled VOOQIMPUSKO.
   904 | D:1      | 904 ||| DROPPING scroll of butterflies.
  1332 | D:2      | Reached skill level 5 in Ranged Weapons
  1655 | D:2      | 1655 ||| UPGRADING to amulet of regeneration.
  1660 | D:2      | 1660 ||| READING scroll labelled KAPTIU OFRIO.
  1661 | D:2      | 1661 ||| READING scroll labelled JIKUGUCZUB.
  1669 | D:2      | 1669 ||| READING scroll labelled WYNORA WICE.
  1670 | D:2      | 1670 ||| READING scroll labelled DETU PORINN.
  1670 | D:2      | 1670 ||| ENCHANTING +0 shortbow of freezing.
  1671 | D:2      | 1671 ||| READING 4 scrolls labelled WELEAKHL CIAPN.
  1671 | D:2      | 1671 ||| IDENTIFYING metallic emerald potion
  1672 | D:2      | 1672 ||| READING 3 scrolls of identify.
  1672 | D:2      | 1672 ||| IDENTIFYING black potion
  1673 | D:2      | 1673 ||| READING 2 scrolls of identify.
  1673 | D:2      | 1673 ||| IDENTIFYING 2 bubbling grey potions
  1674 | D:2      | 1674 ||| READING scroll of identify.
  1674 | D:2      | 1674 ||| IDENTIFYING 4 pink potions
  1704 | D:3      | Reached XP level 4. HP: 22/22 MP: 5/5
  2041 | D:3      | Noticed Terence
  2044 | D:3      | Noticed Grinder
  2054 | D:3      | Killed Terence
  2055 | D:3      | Reached XP level 5. HP: 24/26 MP: 6/6
  2055 | D:3      | 2055 ||| DRINKING potion of haste.
  2059 | D:3      | 2059 ||| FLEEEEING.
  2070 | D:3      | Paralysed by Grinder for 3 turns
  2087 | D:3      | Killed Grinder
  2088 | D:3      | Reached skill level 6 in Ranged Weapons
  2088 | D:3      | Reached XP level 6. HP: 30/30 MP: 7/7
  2143 | D:3      | Noticed Robin
  2166 | D:3      | HP: 5/30 [goblin/+0 dagger[Robin] (4)]
  2167 | D:3      | 2167 ||| DRINKING 2 potions of heal wounds.
  2170 | D:3      | Killed Robin
  2173 | D:3      | HP: 6/30 [goblin/+0 dagger[Robin] (2)]
  2174 | D:3      | 2174 ||| DRINKING potion of heal wounds.
  2228 | D:3      | Reached skill level 6 in Dodging
  2423 | D:3      | 2423 ||| READING scroll labelled QOHAUPYVUG.
  2424 | D:3      | 2424 ||| READING scroll labelled FEWEHEOLUL.
  2424 | D:3      | 2424 ||| ENCHANTING +0 shortbow of freezing.
  2516 | D:4      | Found a blossoming altar of Fedhas.
  2530 | D:4      | Noticed Pikel
  2531 | D:4      | 2531 ||| ZAPPING wand of paralysis (8) at 6,3 (Pikel;
                  | floor).
  2532 | D:4      | 2532 ||| ZAPPING wand of acid (7) at 5,3 (Pikel; floor).
  2533 | D:4      | 2533 ||| ZAPPING wand of acid (6) at 4,2 (Pikel; floor).
  2534 | D:4      | 2534 ||| ZAPPING wand of acid (5) at 3,2 (Pikel; floor).
  2535 | D:4      | 2535 ||| ZAPPING wand of acid (4) at 2,1 (Pikel; floor).
  2536 | D:4      | 2536 ||| ZAPPING wand of acid (3) at 2,1 (Pikel; floor).
  2537 | D:4      | 2537 ||| ZAPPING wand of acid (2) at 2,1 (Pikel; floor).
  2537 | D:4      | Killed Pikel
  2538 | D:4      | Reached skill level 8 in Ranged Weapons
  2538 | D:4      | Reached XP level 7. HP: 23/35 MP: 8/8
  2543 | D:4      | 2543 ||| FLEEEEING.
  2754 | D:4      | Noticed Edmund
  2770 | D:4      | Killed Edmund
  2771 | D:4      | Reached XP level 8. HP: 32/39 MP: 9/9
  2909 | D:4      | Found a staircase to the Ecumenical Temple.
  2910 | D:4      | 2910 ||| PLANNING TEMPLE
  2910 | D:4      | 2910 ||| READING scroll labelled TARELE YRUL.
  2924 | Temple   | Entered the Ecumenical Temple
  2925 | Temple   | 2925 ||| PLANNING OKAWARU WORSHIP
  2954 | Temple   | Became a worshipper of Warmaster Okawaru
  2955 | Temple   | 2955 ||| PLANNING D:1-11
  3118 | D:4      | 3118 ||| UPGRADING to ring of willpower.
  3122 | D:5      | Entered Level 5 of the Dungeon
  3172 | D:5      | 3172 ||| RETREEEEATING.
  3173 | D:5      | 3173 ||| RETREEEEATING.
  3194 | D:5      | Reached skill level 3 in Fighting
  3210 | D:5      | 3210 ||| READING scroll of enchant weapon.
  3210 | D:5      | 3210 ||| ENCHANTING +1 shortbow of freezing.
  3233 | D:5      | Found a transporter.
  3244 | D:5      | Found a transporter.
  3369 | D:5      | Identified the +5 spear "Qudunle" {freeze, Str+5 Dex+4}
  3441 | D:5      | Found a glowing silver altar of Zin.
  3441 | D:5      | Found a shimmering blue altar of Sif Muna.
  3587 | D:5      | Reached skill level 9 in Ranged Weapons
  3674 | D:5      | Found a one-way gate to the infinite horrors of the Abyss.
  3674 | D:5      | Noticed qw's ghost (novice GrHu)
  3696 | D:5      | 3696 ||| READING 2 scrolls labelled ZIKHLI EWEAD.
  3797 | D:5      | 3797 ||| READING scroll labelled QAAN DEYCEROQ.
  3798 | D:5      | 3798 ||| DROPPING scroll of vulnerability.
  3813 | D:6      | Found a sparkling altar of Nemelex Xobeh.
  3836 | D:6      | 3836 ||| FLEEEEING.
  3837 | D:6      | 3837 ||| FLEEEEING.
  3838 | D:6      | 3838 ||| FLEEEEING.
  3839 | D:6      | 3839 ||| FLEEEEING.
  3840 | D:6      | 3840 ||| FLEEEEING.
  3842 | D:6      | 3842 ||| FLEEEEING.
  3912 | D:6      | Reached skill level 9 in Dodging
  3923 | D:6      | Reached * piety under Okawaru
  3936 | D:6      | Noticed Eustachio
  3941 | D:6      | 3941 ||| RETREEEEATING.
  3942 | D:6      | 3942 ||| RETREEEEATING.
  3943 | D:6      | 3943 ||| RETREEEEATING.
  3944 | D:6      | 3944 ||| RETREEEEATING.
  3945 | D:6      | 3945 ||| RETREEEEATING.
  3959 | D:6      | HP: 10/40 [Eustachio/+3 falchion (10)]
  3960 | D:6      | Reached skill level 1 in Invocations
  3988 | D:6      | Killed Eustachio
  4114 | D:6      | Reached XP level 9. HP: 44/44 MP: 12/12
  4130 | D:6      | Noticed Maggie
  4131 | D:6      | 4131 ||| INVOKING Heroism.
  4144 | D:6      | Killed Maggie
  4145 | D:6      | Reached skill level 3 in Invocations
  4159 | D:6      | Found a hide-covered altar of Uskayaw.
  4268 | D:6      | 4268 ||| UPGRADING to +1 swamp dragon scales.
  4278 | D:6      | 4278 ||| DROPPING +0 robe.
  4279 | D:6      | 4279 ||| READING 2 scrolls of identify.
  4279 | D:6      | 4279 ||| IDENTIFYING yellow potion
  4280 | D:6      | 4280 ||| READING scroll of identify.
  4280 | D:6      | 4280 ||| IDENTIFYING grey potion
  4281 | D:6      | 4281 ||| READING scroll labelled QOIVUM ICENEO.
  4285 | D:6      | 4285 ||| DROPPING potion of brilliance.
  4298 | D:7      | 4298 ||| STAIRDANCE
  4401 | D:7      | Reached ** piety under Okawaru
  4402 | D:7      | Reached skill level 1 in Armour
  4404 | D:7      | HP: 6/42 [wight/+7 spear (6)]
  4405 | D:7      | 4405 ||| DRINKING potion of heal wounds.
  4544 | D:7      | Found a burning altar of Makhleb.
  4603 | D:7      | Reached skill level 10 in Ranged Weapons
  4932 | D:7      | HP: 10/44 [steam dragon] (4)]
  4933 | D:7      | HP: 4/44 [steam dragon] (7)]
  4936 | D:7      | 4936 ||| FLEEEEING.
  4938 | D:7      | 4938 ||| FLEEEEING.
  4939 | D:7      | 4939 ||| FLEEEEING.
  4942 | D:7      | 4942 ||| FLEEEEING.
  4943 | D:7      | 4943 ||| FLEEEEING.
  4944 | D:7      | 4944 ||| FLEEEEING.
  4945 | D:7      | 4945 ||| FLEEEEING.
  4946 | D:7      | 4946 ||| FLEEEEING.
  4947 | D:7      | 4947 ||| FLEEEEING.
  4948 | D:7      | 4948 ||| FLEEEEING.
  4950 | D:7      | 4950 ||| FLEEEEING.
  4952 | D:7      | 4952 ||| FLEEEEING.
  4953 | D:7      | 4953 ||| FLEEEEING.
  4954 | D:7      | 4954 ||| FLEEEEING.
  4956 | D:7      | 4956 ||| FLEEEEING.
  5047 | D:7      | 5047 ||| UPGRADING to ring of positive energy.
  5048 | D:7      | 5048 ||| READING scroll of identify.
  5048 | D:7      | 5048 ||| IDENTIFYING puce potion
  5160 | D:8      | Noticed a gargoyle
  5161 | D:8      | 5161 ||| INVOKING Heroism.
  5170 | D:8      | Killed a gargoyle
  5225 | D:8      | Found a radiant altar of Vehumet.
  5259 | D:8      | Found Ycraoho's General Store.
  5368 | D:8      | 5368 ||| READING scroll of enchant weapon.
  5368 | D:8      | 5368 ||| ENCHANTING +2 shortbow of freezing.
  5439 | D:8      | Noticed a troll
  5440 | D:8      | 5440 ||| RETREEEEATING.
  5445 | D:8      | Reached skill level 11 in Ranged Weapons
  5453 | D:8      | 5453 ||| ZAPPING wand of acid (15) at 2,-1 (troll; floor).
  5454 | D:8      | 5454 ||| INVOKING Heroism.
  5458 | D:8      | Killed a troll
  5580 | D:8      | 5580 ||| SWAPPING to +0 arbalest.
  5582 | D:8      | 5582 ||| DROPPING +3 shortbow of freezing.
  5605 | D:8      | Reached *** piety under Okawaru
  5606 | D:8      | Reached XP level 10. HP: 45/49 MP: 14/14
  5914 | D:9      | Found a bloodstained altar of Trog.
  5953 | D:9      | Found Puebb's Assorted Antiques.
  5961 | D:9      | 5961 ||| BUYING dented emerald amulet (145 gold).
  5961 | D:9      | Bought a dented emerald amulet for 145 gold pieces
  5961 | D:9      | 5961 ||| BUYING scroll of enchant armour (217 gold).
  5961 | D:9      | Bought a scroll of enchant armour for 217 gold pieces
  5961 | D:9      | 5961 ||| BUYING scroll of identify (58 gold).
  5961 | D:9      | Bought a scroll of identify for 58 gold pieces
  5961 | D:9      | 5961 ||| READING scroll of enchant armour.
  5961 | D:9      | 5961 ||| ENCHANTING +1 swamp dragon scales.
  5997 | D:9      | Noticed a two-headed ogre
  5998 | D:9      | 5998 ||| INVOKING Heroism.
  6003 | D:9      | Killed a two-headed ogre
  6004 | D:9      | Reached skill level 12 in Ranged Weapons
  6073 | D:9      | 6073 ||| RETREEEEATING.
  6075 | D:9      | 6075 ||| RETREEEEATING.
  6076 | D:9      | 6076 ||| RETREEEEATING.
  6077 | D:9      | 6077 ||| RETREEEEATING.
  6079 | D:9      | 6079 ||| RETREEEEATING.
  6081 | D:9      | 6081 ||| RETREEEEATING.
  6083 | D:9      | 6083 ||| RETREEEEATING.
  6091 | D:9      | 6091 ||| RETREEEEATING.
  6092 | D:9      | 6092 ||| RETREEEEATING.
  6093 | D:9      | 6093 ||| RETREEEEATING.
  6094 | D:9      | 6094 ||| RETREEEEATING.
  6095 | D:9      | 6095 ||| RETREEEEATING.
  6097 | D:9      | 6097 ||| RETREEEEATING.
  6101 | D:9      | 6101 ||| RETREEEEATING.
  6110 | D:9      | Reached **** piety under Okawaru
  6199 | D:9      | Noticed a boulder beetle
  6200 | D:9      | 6200 ||| INVOKING Finesse.
  6210 | D:9      | Noticed a centaur warrior
  6221 | D:9      | Killed a centaur warrior
  6225 | D:9      | Killed a boulder beetle
  6276 | D:9      | Noticed a salamander
  6277 | D:9      | 6277 ||| INVOKING Finesse.
  6278 | D:9      | Noticed a boulder beetle
  6283 | D:9      | Killed a salamander
  6283 | D:9      | Noticed a cyclops
  6297 | D:9      | Killed a cyclops
  6298 | D:9      | Reached XP level 11. HP: 41/56 MP: 12/16
  6303 | D:9      | Killed a boulder beetle
  6304 | D:9      | Reached skill level 6 in Invocations
  6348 | D:9      | Noticed a deep elf pyromancer
  6349 | D:9      | 6349 ||| INVOKING Finesse.
  6357 | D:9      | Killed a deep elf pyromancer
  6358 | D:9      | Reached skill level 13 in Ranged Weapons
  6361 | D:9      | Noticed a green ugly thing
  6373 | D:9      | Killed a green ugly thing
  6373 | D:9      | Reached ***** piety under Okawaru
  6420 | D:9      | Noticed a two-headed ogre
  6421 | D:9      | 6421 ||| ZAPPING wand of acid (14) at 0,3 (two-headed ogre;
                  | floor).
  6422 | D:9      | 6422 ||| INVOKING Finesse.
  6430 | D:9      | Killed a two-headed ogre
  6493 | D:9      | Identified the +6 hand axe "Brush" {freeze, Dex+4 Stlth-}
  6558 | D:9      | 6558 ||| RETREEEEATING.
  6559 | D:9      | 6559 ||| RETREEEEATING.
  6560 | D:9      | 6560 ||| RETREEEEATING.
  6608 | D:9      | Noticed a two-headed ogre
  6609 | D:9      | 6609 ||| INVOKING Finesse.
  6617 | D:9      | Killed a two-headed ogre
  6650 | D:9      | Found Xiury's Weapon Shoppe.
  6760 | D:9      | Found a white marble altar of Elyvilon.
  6792 | D:9      | HP: 8/56 [troll (9)]
  6793 | D:9      | 6793 ||| READING 2 scrolls of teleportation.
  6794 | D:9      | 6794 ||| DRINKING 2 potions of heal wounds.
  6796 | D:9      | 6796 ||| DRINKING potion of heal wounds.
  7015 | D:9      | 7015 ||| DROPPING +0 robe of fire resistance.
  7016 | D:9      | 7016 ||| DROPPING amulet of guardian spirit.
  7017 | D:9      | 7017 ||| READING 4 scrolls of identify.
  7017 | D:9      | 7017 ||| IDENTIFYING metallic grey potion
  7018 | D:9      | 7018 ||| DROPPING potion of attraction.
  7047 | D:10     | Entered Level 10 of the Dungeon
  7119 | D:10     | 7119 ||| RETREEEEATING.
  7120 | D:10     | 7120 ||| RETREEEEATING.
  7121 | D:10     | 7121 ||| RETREEEEATING.
  7122 | D:10     | 7122 ||| RETREEEEATING.
  7123 | D:10     | 7123 ||| RETREEEEATING.
  7124 | D:10     | 7124 ||| RETREEEEATING.
  7125 | D:10     | 7125 ||| RETREEEEATING.
  7225 | D:10     | 7225 ||| UPGRADING to ring of willpower.
  7227 | D:10     | 7227 ||| READING 4 scrolls of identify.
  7227 | D:10     | 7227 ||| IDENTIFYING bubbling yellow potion
  7640 | D:10     | 7640 ||| READING 4 scrolls of identify.
  7640 | D:10     | 7640 ||| IDENTIFYING scroll labelled OKUTZEATIF
  7641 | D:10     | 7641 ||| DROPPING scroll of fog.
  7686 | D:11     | 7686 ||| STAIRDANCE
  7755 | D:11     | Found Heprakon's Firing Range.
  7769 | D:11     | 7769 ||| SHOPLISTING +2 antimagic hand cannon (292 gold,
                  | have 271).
  7862 | D:11     | Found a staircase to the Lair.
  7908 | D:11     | Received a gift from Okawaru
  7929 | D:11     | Found a staircase to the Orcish Mines.
  8119 | D:11     | HP: 14/56 [yak (13)]
  8120 | D:11     | 8120 ||| READING scroll of teleportation.
  8124 | D:11     | Reached skill level 9 in Invocations
  8390 | D:11     | Found Akuodit's Book Shoppe.
  8408 | D:11     | 8408 ||| PLANNING LAIR
  8422 | Lair:1   | Entered Level 1 of the Lair of Beasts
  8431 | Lair:1   | 8431 ||| READING scroll of enchant armour.
  8431 | Lair:1   | 8431 ||| ENCHANTING +2 swamp dragon scales.
  8467 | Lair:1   | 8467 ||| RETREEEEATING.
  8468 | Lair:1   | 8468 ||| RETREEEEATING.
  8473 | Lair:1   | Reached skill level 14 in Ranged Weapons
  8473 | Lair:1   | Reached XP level 12. HP: 60/60 MP: 19/19
  8616 | Lair:1   | Reached skill level 6 in Fighting
  8714 | Lair:1   | 8714 ||| INVOKING Finesse.
  8747 | Lair:1   | Noticed a death yak
  8749 | Lair:1   | 8749 ||| INVOKING Finesse.
  8763 | Lair:1   | HP: 13/61 [death yak[a torpor snail] (22)]
  8764 | Lair:1   | 8764 ||| DRINKING 2 potions of heal wounds.
  8768 | Lair:1   | Killed a death yak
  8875 | Lair:1   | 8875 ||| RETREEEEATING.
  8878 | Lair:1   | 8878 ||| RETREEEEATING.
  8879 | Lair:1   | 8879 ||| RETREEEEATING.
  8880 | Lair:1   | 8880 ||| RETREEEEATING.
  8889 | Lair:1   | 8889 ||| RETREEEEATING.
  8890 | Lair:1   | 8890 ||| RETREEEEATING.
  8891 | Lair:1   | 8891 ||| RETREEEEATING.
  8892 | Lair:1   | 8892 ||| RETREEEEATING.
  8894 | Lair:1   | 8894 ||| RETREEEEATING.
  8895 | Lair:1   | 8895 ||| RETREEEEATING.
  8897 | Lair:1   | 8897 ||| RETREEEEATING.
  8900 | Lair:1   | 8900 ||| INVOKING Finesse.
  8916 | Lair:1   | Reached skill level 12 in Dodging
  9047 | Lair:1   | 9047 ||| READING scroll of brand weapon.
  9047 | Lair:1   | 9047 ||| BRANDING +0 arbalest.
  9092 | Lair:1   | 9092 ||| RETREEEEATING.
  9444 | Lair:1   | Identified the +2 scale mail "Faovvyt" {rF+ Will+}
  9902 | Lair:1   | 9902 ||| READING 5 scrolls of identify.
  9902 | Lair:1   | 9902 ||| IDENTIFYING 2 scrolls labelled ODGHUO BAERGHA
  9903 | Lair:1   | 9903 ||| DROPPING 2 scrolls of immolation.
  9918 | Lair:2   | Noticed a four-headed hydra
  9919 | Lair:2   | 9919 ||| STAIRDANCE
  9927 | Lair:2   | 9927 ||| STAIRDANCE
  9929 | Lair:1   | 9929 ||| INVOKING Finesse.
  9930 | Lair:1   | 9930 ||| INVOKING Finesse.
  9937 | Lair:1   | Killed a four-headed hydra
  9990 | Lair:2   | Reached skill level 15 in Ranged Weapons
 10041 | Lair:2   | 10041 ||| RETREEEEATING.
 10045 | Lair:2   | 10045 ||| RETREEEEATING.
 10048 | Lair:2   | 10048 ||| RETREEEEATING.
 10049 | Lair:2   | 10049 ||| RETREEEEATING.
 10050 | Lair:2   | 10050 ||| RETREEEEATING.
 10055 | Lair:2   | 10055 ||| RETREEEEATING.
 10056 | Lair:2   | 10056 ||| RETREEEEATING.
 10057 | Lair:2   | 10057 ||| RETREEEEATING.
 10058 | Lair:2   | 10058 ||| RETREEEEATING.
 10060 | Lair:2   | 10060 ||| RETREEEEATING.
 10061 | Lair:2   | 10061 ||| RETREEEEATING.
 10062 | Lair:2   | 10062 ||| RETREEEEATING.
 10063 | Lair:2   | 10063 ||| RETREEEEATING.
 10064 | Lair:2   | 10064 ||| RETREEEEATING.
 10066 | Lair:2   | 10066 ||| RETREEEEATING.
 10067 | Lair:2   | 10067 ||| RETREEEEATING.
 10068 | Lair:2   | 10068 ||| RETREEEEATING.
 10069 | Lair:2   | 10069 ||| RETREEEEATING.
 10075 | Lair:2   | 10075 ||| RETREEEEATING.
 10076 | Lair:2   | 10076 ||| RETREEEEATING.
 10260 | Lair:2   | Noticed Harold
 10261 | Lair:2   | 10261 ||| INVOKING Finesse.
 10271 | Lair:2   | Killed Harold
 10271 | Lair:2   | Received a gift from Okawaru
 10272 | Lair:2   | Reached skill level 16 in Ranged Weapons
 10314 | Lair:2   | Noticed Gastronok
 10324 | Lair:2   | Killed Gastronok
 10623 | Lair:2   | 10623 ||| READING 7 scrolls of identify.
 10623 | Lair:2   | 10623 ||| IDENTIFYING murky silvery potion
 10697 | Lair:3   | 10697 ||| INVOKING Finesse.
 10701 | Lair:3   | Reached XP level 13. HP: 53/65 MP: 15/21
 10885 | Lair:3   | Found a dark tunnel.
 11034 | Lair:3   | 11034 ||| RETREEEEATING.
 11035 | Lair:3   | 11035 ||| RETREEEEATING.
 11036 | Lair:3   | 11036 ||| RETREEEEATING.
 11037 | Lair:3   | 11037 ||| RETREEEEATING.
 11038 | Lair:3   | 11038 ||| RETREEEEATING.
 11039 | Lair:3   | 11039 ||| RETREEEEATING.
 11040 | Lair:3   | 11040 ||| RETREEEEATING.
 11041 | Lair:3   | 11041 ||| RETREEEEATING.
 11042 | Lair:3   | 11042 ||| RETREEEEATING.
 11043 | Lair:3   | 11043 ||| RETREEEEATING.
 11141 | Lair:3   | Received a gift from Okawaru
 11157 | Lair:3   | HP: 3/67 [naga/+0 war axe (15)]
 11158 | Lair:3   | 11158 ||| DRINKING potion of heal wounds.
 11160 | Lair:3   | Reached skill level 3 in Armour
 11204 | Lair:3   | Found a staircase to the Snake Pit.
 11299 | Lair:3   | 11299 ||| RETREEEEATING.
 11300 | Lair:3   | 11300 ||| RETREEEEATING.
 11315 | Lair:3   | 11315 ||| RETREEEEATING.
 11316 | Lair:3   | 11316 ||| RETREEEEATING.
 11317 | Lair:3   | 11317 ||| RETREEEEATING.
 11323 | Lair:3   | 11323 ||| RETREEEEATING.
 11324 | Lair:3   | 11324 ||| RETREEEEATING.
 11635 | Lair:3   | Found a staircase to the Shoals.
 11917 | Lair:4   | 11917 ||| RETREEEEATING.
 11918 | Lair:4   | 11918 ||| RETREEEEATING.
 11919 | Lair:4   | 11919 ||| RETREEEEATING.
 11920 | Lair:4   | 11920 ||| RETREEEEATING.
 11921 | Lair:4   | 11921 ||| RETREEEEATING.
 11922 | Lair:4   | 11922 ||| RETREEEEATING.
 11923 | Lair:4   | 11923 ||| RETREEEEATING.
 11924 | Lair:4   | 11924 ||| RETREEEEATING.
 11926 | Lair:4   | 11926 ||| RETREEEEATING.
 11927 | Lair:4   | 11927 ||| INVOKING Finesse.
 11933 | Lair:4   | 11933 ||| RETREEEEATING.
 11934 | Lair:4   | 11934 ||| RETREEEEATING.
 11935 | Lair:4   | 11935 ||| RETREEEEATING.
 11936 | Lair:4   | 11936 ||| RETREEEEATING.
 11937 | Lair:4   | 11937 ||| RETREEEEATING.
 11938 | Lair:4   | 11938 ||| RETREEEEATING.
 11939 | Lair:4   | 11939 ||| RETREEEEATING.
 11948 | Lair:4   | 11948 ||| RETREEEEATING.
 11949 | Lair:4   | 11949 ||| RETREEEEATING.
 11950 | Lair:4   | 11950 ||| RETREEEEATING.
 11951 | Lair:4   | 11951 ||| RETREEEEATING.
 11952 | Lair:4   | 11952 ||| RETREEEEATING.
 11953 | Lair:4   | 11953 ||| RETREEEEATING.
 11968 | Lair:4   | 11968 ||| RETREEEEATING.
 11969 | Lair:4   | 11969 ||| RETREEEEATING.
 11970 | Lair:4   | 11970 ||| RETREEEEATING.
 11971 | Lair:4   | 11971 ||| RETREEEEATING.
 11975 | Lair:4   | 11975 ||| RETREEEEATING.
 11976 | Lair:4   | 11976 ||| RETREEEEATING.
 11977 | Lair:4   | 11977 ||| RETREEEEATING.
 11978 | Lair:4   | 11978 ||| RETREEEEATING.
 11980 | Lair:4   | 11980 ||| RETREEEEATING.
 11981 | Lair:4   | 11981 ||| RETREEEEATING.
 11982 | Lair:4   | 11982 ||| RETREEEEATING.
 11983 | Lair:4   | 11983 ||| RETREEEEATING.
 11984 | Lair:4   | 11984 ||| RETREEEEATING.
 11985 | Lair:4   | 11985 ||| RETREEEEATING.
 11986 | Lair:4   | 11986 ||| RETREEEEATING.
 11987 | Lair:4   | 11987 ||| RETREEEEATING.
 11988 | Lair:4   | 11988 ||| RETREEEEATING.
 11989 | Lair:4   | 11989 ||| RETREEEEATING.
 11990 | Lair:4   | 11990 ||| RETREEEEATING.
 11991 | Lair:4   | 11991 ||| RETREEEEATING.
 11995 | Lair:4   | 11995 ||| STAIRDANCE
 12010 | Lair:4   | 12010 ||| RETREEEEATING.
 12011 | Lair:4   | 12011 ||| RETREEEEATING.
 12012 | Lair:4   | 12012 ||| RETREEEEATING.
 12015 | Lair:4   | 12015 ||| RETREEEEATING.
 12016 | Lair:4   | 12016 ||| RETREEEEATING.
 12017 | Lair:4   | 12017 ||| RETREEEEATING.
 12018 | Lair:4   | 12018 ||| RETREEEEATING.
 12019 | Lair:4   | 12019 ||| RETREEEEATING.
 12020 | Lair:4   | 12020 ||| RETREEEEATING.
 12021 | Lair:4   | 12021 ||| RETREEEEATING.
 12036 | Lair:4   | Reached ****** piety under Okawaru
 12037 | Lair:4   | Reached skill level 17 in Ranged Weapons
 12044 | Lair:4   | 12044 ||| INVOKING Receive Weapon.
 12044 | Lair:4   | 12044 ||| ACQUIRING +3 hand cannon of freezing
 12044 | Lair:4   | Acquired a +3 hand cannon of freezing
 12044 | Lair:4   | Received a gift from Okawaru
 12045 | Lair:4   | 12045 ||| INVOKING Receive Armour.
 12045 | Lair:4   | 12045 ||| ACQUIRING scarf of the Slug {rC+ rF+, ^Contam
                  | +Blink Regen+}
 12045 | Lair:4   | Acquired the scarf of the Slug {rC+ rF+, ^Contam +Blink
                  | Regen+}
 12045 | Lair:4   | Received a gift from Okawaru
 12047 | Lair:4   | 12047 ||| SWAPPING to +3 hand cannon of freezing.
 12048 | Lair:4   | 12048 ||| DROPPING +0 arbalest of draining.
 12288 | Lair:4   | Received a gift from Okawaru
 12289 | Lair:4   | Noticed qw's ghost (journeyman DjHu)
 12303 | Lair:4   | 12303 ||| INVOKING Finesse.
 12341 | Lair:4   | Found a bloodstained altar of Trog.
 12369 | Lair:4   | Found a transporter.
 12510 | Lair:4   | Found a transporter.
 12725 | Lair:4   | 12725 ||| UPGRADING to scarf of the Slug {rC+ rF+, ^Contam
                  | +Blink Regen+}.
 12730 | Lair:4   | 12730 ||| READING 6 scrolls of identify.
 12730 | Lair:4   | 12730 ||| IDENTIFYING viscous blue potion
 12731 | Lair:4   | 12731 ||| READING 5 scrolls of identify.
 12731 | Lair:4   | 12731 ||| IDENTIFYING scroll labelled FELELUSYNEOSS
 12732 | Lair:4   | 12732 ||| DROPPING scroll of summoning.
 12733 | Lair:4   | 12733 ||| DROPPING potion of lignification.
 12744 | Lair:5   | Entered Level 5 of the Lair of Beasts
 12747 | Lair:5   | 12747 ||| STAIRDANCE
 12971 | Lair:5   | 12971 ||| READING scroll of enchant armour.
 12971 | Lair:5   | 12971 ||| ENCHANTING +3 swamp dragon scales.
 13006 | Lair:5   | Found a broken altar of Ashenzari.
 13194 | Lair:5   | Noticed a fire dragon
 13195 | Lair:5   | 13195 ||| RETREEEEATING.
 13196 | Lair:5   | 13196 ||| RETREEEEATING.
 13200 | Lair:5   | 13200 ||| RETREEEEATING.
 13201 | Lair:5   | 13201 ||| RETREEEEATING.
 13202 | Lair:5   | 13202 ||| RETREEEEATING.
 13203 | Lair:5   | 13203 ||| RETREEEEATING.
 13204 | Lair:5   | 13204 ||| RETREEEEATING.
 13205 | Lair:5   | 13205 ||| RETREEEEATING.
 13207 | Lair:5   | 13207 ||| RETREEEEATING.
 13210 | Lair:5   | 13210 ||| ZAPPING wand of acid (13) at -5,-4 (fire dragon;
                  | floor).
 13211 | Lair:5   | 13211 ||| ZAPPING wand of acid (12) at -4,-4 (fire dragon;
                  | floor).
 13212 | Lair:5   | 13212 ||| INVOKING Finesse.
 13220 | Lair:5   | Killed a fire dragon
 13272 | Lair:5   | Got an earthy gem with 127 turns to spare
 13375 | Lair:5   | 13375 ||| RETREEEEATING.
 13377 | Lair:5   | 13377 ||| RETREEEEATING.
 13378 | Lair:5   | 13378 ||| RETREEEEATING.
 13379 | Lair:5   | 13379 ||| RETREEEEATING.
 13381 | Lair:5   | 13381 ||| RETREEEEATING.
 13382 | Lair:5   | 13382 ||| RETREEEEATING.
 13383 | Lair:5   | 13383 ||| RETREEEEATING.
 13384 | Lair:5   | 13384 ||| RETREEEEATING.
 13386 | Lair:5   | 13386 ||| RETREEEEATING.
 13387 | Lair:5   | 13387 ||| RETREEEEATING.
 13391 | Lair:5   | 13391 ||| RETREEEEATING.
 13393 | Lair:5   | 13393 ||| RETREEEEATING.
 13394 | Lair:5   | 13394 ||| RETREEEEATING.
 13395 | Lair:5   | 13395 ||| RETREEEEATING.
 13396 | Lair:5   | 13396 ||| RETREEEEATING.
 13397 | Lair:5   | 13397 ||| RETREEEEATING.
 13398 | Lair:5   | 13398 ||| RETREEEEATING.
 13399 | Lair:5   | 13399 ||| RETREEEEATING.
 13400 | Lair:5   | 13400 ||| RETREEEEATING.
 13401 | Lair:5   | 13401 ||| RETREEEEATING.
 13402 | Lair:5   | 13402 ||| RETREEEEATING.
 13403 | Lair:5   | 13403 ||| RETREEEEATING.
 13404 | Lair:5   | 13404 ||| RETREEEEATING.
 13405 | Lair:5   | 13405 ||| RETREEEEATING.
 13406 | Lair:5   | 13406 ||| RETREEEEATING.
 13410 | Lair:5   | 13410 ||| RETREEEEATING.
 13413 | Lair:5   | 13413 ||| INVOKING Finesse.
 13417 | Lair:5   | Received a gift from Okawaru
 13481 | Lair:5   | Reached XP level 14. HP: 72/72 MP: 22/22
 13481 | Lair:5   | Found a frozen archway.
 13485 | Lair:5   | 13485 ||| INVOKING Finesse.
 13491 | Lair:5   | Reached skill level 18 in Ranged Weapons
 13570 | Lair:5   | 13570 ||| RETREEEEATING.
 13571 | Lair:5   | 13571 ||| RETREEEEATING.
 13611 | Lair:5   | Found a viscous altar of Jiyva.
 13704 | Lair:5   | 13704 ||| FLEEEEING.
 13705 | Lair:5   | 13705 ||| FLEEEEING.
 13929 | Lair:5   | Found a staircase to the Slime Pits.
 14027 | Lair:5   | HP: 18/72 [eight-headed hydra (6)]
 14028 | Lair:5   | 14028 ||| READING 3 scrolls of teleportation.
 14030 | Lair:5   | HP: 8/72 [wolf (7)]
 14170 | Lair:5   | Received a gift from Okawaru
 14178 | Lair:5   | 14178 ||| INVOKING Finesse.
 14226 | Lair:5   | 14226 ||| RETREEEEATING.
 14234 | Lair:5   | 14234 ||| INVOKING Finesse.
 14235 | Lair:5   | 14235 ||| INVOKING Heroism.
 14292 | Lair:5   | 14292 ||| INVOKING Finesse.
 14304 | Lair:5   | Reached skill level 15 in Dodging
 14316 | Lair:5   | 14316 ||| INVOKING Heroism.
 14367 | Lair:5   | 14367 ||| RETREEEEATING.
 14368 | Lair:5   | 14368 ||| INVOKING Finesse.
 14369 | Lair:5   | 14369 ||| INVOKING Heroism.
 14452 | Lair:5   | Identified the maw talisman "Wuas" {rC+ rN+ Str+2}
 14763 | Lair:5   | 14763 ||| PLANNING D
 14763 | Lair:5   | 14763 ||| READING 6 scrolls of identify.
 14763 | Lair:5   | 14763 ||| IDENTIFYING murky blue potion
 14764 | Lair:5   | 14764 ||| DROPPING potion of ambrosia.
 14916 | D:12     | 14916 ||| PLANNING GAUNTLET
 14966 | D:12     | 14966 ||| RETREEEEATING.
 14967 | D:12     | 14967 ||| RETREEEEATING.
 14970 | D:12     | 14970 ||| INVOKING Finesse.
 15266 | D:12     | 15266 ||| RETREEEEATING.
 15267 | D:12     | 15267 ||| READING 2 scrolls of teleportation.
 15268 | D:12     | 15268 ||| ZAPPING wand of paralysis (18) at 0,5 (titanic
                  | slime creature; floor).
 15269 | D:12     | 15269 ||| ZAPPING wand of paralysis (17) at 0,4 (titanic
                  | slime creature; floor).
 15270 | D:12     | 15270 ||| FLEEEEING.
 15271 | D:12     | 15271 ||| FLEEEEING.
 15325 | D:12     | Found a gate leading to a gauntlet.
 15332 | Gauntlet | Entered a Gauntlet
 15332 | Gauntlet | Found a transporter.
 15335 | Gauntlet | Found a transporter.
 15348 | Gauntlet | Found a transporter.
 15351 | Gauntlet | Found a transporter.
 15374 | Gauntlet | Found a transporter.
 15383 | Gauntlet | Found a transporter.
 15387 | Gauntlet | Found a runed translucent door.
 15397 | Gauntlet | Found a transporter.
 15415 | Gauntlet | Found a transporter.
 15419 | Gauntlet | Found a transporter.
 15419 | Gauntlet | Found the +0 pair of fencer's gloves {Riposte Dex+3}
 15428 | Gauntlet | Found a transporter.
 15452 | Gauntlet | Found a transporter.
 15456 | Gauntlet | Found a transporter.
 15513 | Gauntlet | 15513 ||| Stepping randomly (stuck).
 15514 | Gauntlet | 15514 ||| Stepping randomly (stuck).
 15515 | Gauntlet | 15515 ||| Stepping randomly (stuck).
 15516 | Gauntlet | 15516 ||| DRINKING 16 potions of curing.
 15516 | Gauntlet | 15516 ||| (to cure bad poison)
 15517 | Gauntlet | 15517 ||| INVOKING Finesse.
 15520 | Gauntlet | 15520 ||| Stepping ~*~*~tactically~*~*~ (cloud).
 15521 | Gauntlet | HP: 18/73 [poisoned by a death drake (foul vapour)]
 15522 | Gauntlet | 15522 ||| DRINKING potion of heal wounds.
 15523 | Gauntlet | HP: 6/73 [poisoned by a death drake (dark miasma)]
 15523 | Gauntlet | Slain by a death drake

Levels and vault maps discovered:
D:1:      minmay_arrival_shattered_statue, layout_basic,
          hellmonk_ecumenical_altar_lost_god
D:2:      layout_loops_ring, dreamdust_princess_corridor
D:3:      layout_basic, serial_curves, eino_curves_01, eino_curves_03,
          cheibrodos_gnoll_hut, uniq_terence, uniq_robin, uniq_grinder
D:4:      layout_loops_ring, mainiacjoe_overflow_alcove_4,
          minmay_temple_entry_grid, minmay_cut_off, uniq_edmund, uniq_pikel
D:5:      layout_basic, gammafunk_temple_overflow_pools,
          gammafunk_ghost_abyssal_escape, dreamdust_mushroom_princess
D:6:      layout_rooms, nicolae_uskayaw_murder_on_the_dancefloor,
          mainiacjoe_overflow_concentric_impassable, uniq_maggie, uniq_eustachio
D:7:      layout_layer_cave, mainiacjoe_overflow_paths
D:8:      layout_basic, mainiacjoe_overflow_surrounded_room, serial_shops, shop
D:9:      hangedman_cross_veins, layout_irregular_city,
          overflow_temple_1_default, mainiacjoe_overflow_small_starburst,
          serial_shops, shop, nicolae_take_the_stairs
D:10:     layout_gridville, minmay_fountain_box
D:11:     layout_roguey, lair_entry_dummy, david_orc_3, serial_shops,
          nicolae_shop_real_fake_doors, nicolae_shop_firing_range
D:12:     layout_basic, serial_glass, glass_columns_a, glass_columns_b,
          glass_columns_c, glass_columns_b, glass_columns_b, glass_columns_c,
          glass_columns_b, glass_columns_b, gauntlet_entry_generic
Temple:   oiseaux_autumnal_temple
Lair:1:   layout_layer_cave, chequers_serial_rivers_large_b, serial_bayou_pond_c
Lair:2:   layout_concentric_octagons, uniq_harold, uniq_gastronok
Lair:3:   layout_cave_pods, elwin_shoals_entry_rooms,
          minmay_snake_entry_guardpost_large, nicolae_volcano_entry_s_turn,
          serial_bayou_shore_b
Lair:4:   layout_regular_city, gammafunk_ghost_wrathful_warriors
Lair:5:   guppyfry_lair_end_dragon, layout_loops_ring,
          hangedman_lair_caniforms_friends, minmay_slime_entry_oklob_enclosed,
          basic_altar, portal_ice_cave_rime, serial_bayou_shore_b
Gauntlet: minmay_gauntlet_mixed_oops_all_seconds
          [minmay_gauntlet_arena_77_tiled_triplets,
          gammafunk_gauntlet_arena_mazey, minmay_gauntlet_arena_77_squiggly,
          gammafunk_gauntlet_arena_spirals, minmay_gauntlet_arena_77_path,
          gammafunk_gauntlet_arena_crates,
          nicolae_gauntlet_exit_dead_adventurers]

Skill      XL: |  1  2  3  4  5  6  7  8  9 10 11 12 13 14 |
---------------+-------------------------------------------+-----
Dodging        | 3 4 5 6 7 9 10 11 12 14 15 | 15.0
Ranged Weapons | 5 6 8 9 11 12 14 16 17 18 | 18.7
Fighting       | 2 3 4 5 6 7 8 |  8.0
Invocations    | 2 4 5 9 10 | 10.0
Armour         | 1 2 3 |  3.0
Stealth        | |  1.5

Action                     |  1- 3 |  4- 6 |  7- 9 | 10-12 | 13-15 || total
---------------------------+-------+-------+-------+-------+-------++-------
   Fire: Shortbow          |   118 |   136 |   354 |       |       ||   608
         Arbalest          |       |       |    10 |   633 |   243 ||   886
         Hand cannon       |       |       |       |       |   466 ||   466
 Invoke: Heroism           |       |       |     3 |     1 |     3 ||     7
         Finesse           |       |       |       |    11 |    11 ||    22
         Receive Weapon    |       |       |       |       |     1 ||     1
         Receive Armour    |       |       |       |       |     1 ||     1
  Evoke: Wand              |       |     7 |     1 |     1 |     4 ||    13
    Use: Scroll            |    11 |     2 |     9 |    10 |     6 ||    38
         Potion            |       |     3 |     1 |     3 |     3 ||    10
 Armour: Robe              |     6 |    47 |    23 |       |       ||    76
         Swamp dragon scal |       |       |    41 |   200 |   187 ||   428
  Dodge: Dodged            |    38 |   139 |   214 |   450 |   457 ||  1298

Table legend:
 A = Non-vault XP
 B = Vault XP
 C = Vault XP percentage of total XP
 D = Non-vault monster count
 E = Vault monster count
 F = Vault count percentage of total count
                 A         B        C        D         E       F
            +---------+---------+-------+---------+---------+-------
      Total |   53546 |   31083 |  36.7 |     343 |     144 |  29.6
            +---------+---------+-------+---------+---------+-------
        D:1 |      49 |       0 |   0.0 |      26 |       0 |   0.0
        D:2 |      42 |       0 |   0.0 |      17 |       0 |   0.0
        D:3 |     106 |     460 |  81.3 |      23 |      17 |  42.5
        D:4 |     168 |     867 |  83.8 |      16 |       6 |  27.3
        D:5 |     365 |       0 |   0.0 |      14 |       0 |   0.0
        D:6 |     667 |     528 |  44.2 |      22 |       2 |   8.3
        D:7 |    1144 |       0 |   0.0 |      21 |       0 |   0.0
        D:8 |    1184 |       0 |   0.0 |      17 |       0 |   0.0
        D:9 |    4354 |    7421 |  63.0 |      22 |      20 |  47.6
       D:10 |    1182 |       0 |   0.0 |       8 |       0 |   0.0
       D:11 |    2359 |     247 |   9.5 |       9 |       8 |  47.1
       D:12 |    4801 |       0 |   0.0 |      17 |       0 |   0.0
     Lair:1 |    9027 |       0 |   0.0 |      34 |       0 |   0.0
     Lair:2 |    5453 |    2381 |  30.4 |      23 |       2 |   8.0
     Lair:3 |    7603 |    1450 |  16.0 |      21 |       8 |  27.6
     Lair:4 |    8250 |       0 |   0.0 |      34 |       0 |   0.0
     Lair:5 |    6792 |   17729 |  72.3 |      19 |      81 |  81.0
            +---------+---------+-------+---------+---------+-------
